 Dungeon Crawl Stone Soup version 0.22-a0-429-g97ce8ef (webtiles) character file.

37 KristoblXynda the Slasher (level 3, 0/29 HPs)
             Began as a Draconian Gladiator on May 25, 2018.
             Killed from afar by Sigmund (6 damage)
             ... with a magic dart
             ... on level 2 of the Dungeon.
             The game lasted 00:01:27 (540 turns).

KristoblXynda the Slasher (Draconian Gladiator)      Turns: 540, Time: 00:01:28

Health: 0/29       AC:  5    Str: 16    XL:     3   Next: 21%
Magic:  3/3        EV: 13    Int:  9    God:
Gold:   54         SH:  0    Dex: 12    Spells: 2/2 levels left

rFire    + + .     SeeInvis .   a - +0 long sword
rCold    + + .     Gourm    .   (no shield)
rNeg     . . .     Faith    .   (armour unavailable)
rPois    +         Spirit   .   b - +0 hat
rElec    +         Reflect  .   g - scarf {rC+ rF+}
rCorr    +         Harm     .   (no gloves)
MR       .....     Rnd*Tele +   (no boots)
Stlth    +.........             (no amulet)
HPRegen  0.09/turn              h - ring of teleportation (curse)
MPRegen  0.08/turn              (no ring)

@: resistant
A: unfitting armour, cold-blooded, AC +5
a: no special abilities


You were on level 2 of the Dungeon.
You were not hungry.

You visited 1 branch of the dungeon, and saw 2 of its levels.

You collected 54 gold pieces.

Inventory:

Hand Weapons
 a - a +0 long sword (weapon)
Missiles
 c - 2 throwing nets (quivered)
Armour
 b - a +0 hat (worn)
 g - a scarf of resistance (worn)
Jewellery
 h - a cursed ring of teleportation (left hand)
Scrolls
 f - a scroll of remove curse {unknown}
Potions
 i - a potion of flight
 j - a potion of brilliance
Comestibles
 d - 3 rations


   Skills:
 - Level 2.1 Fighting
 * Level 3.9 Long Blades
 - Level 2.0 Throwing
 + Level 3.1 Dodging


You had 2 spell levels left.
You didn't know any spells.
Your spell library was empty.

Dungeon Overview and Level Annotations

Branches:
Dungeon (2/15)

Altars:

Annotations:
D:2 Sigmund


Innate Abilities, Weirdness & Mutations

Your plain brown scales are hard. (AC +5)
You cannot fit into any form of body armour.
You are cold-blooded and may be slowed by cold attacks.


Message History

Something hits you.
Unknown command.
You closely miss something.
Your tail-slap misses something.
You barely miss something. Something hits you but does no damage.
You slash something! Something hits you but does no damage.
You miss something. Something barely misses you.
You closely miss something. You tail-slap something.
You hear some strange, mumbled words.
Something tries to affect you, but you resist.
You closely miss something.
Your tail-slap misses something.
Something hits you!
* * * LOW HITPOINT WARNING * * *
Throwing (i - inventory)
c - 3 throwing nets (quivered)
Press: ? - help, Shift-Dir - straight line You throw a throwing net.
Something gets caught in the net!
You barely miss something.
You hear some strange, mumbled words.
A magic dart appears from out of thin air!
The magic dart hits you!
You die...

#...l. .. ..#
...@. .. #.#
.#.###.# #.# .
....#.# #.# ..
#@#.#.# #.#
..g#.#.#.# #.#
$........# #.#
...#.#.### #.#
.. #.#.#####
#@# .
#.#.....#####{#
#.####...l.†.l#
#.# #..#######
### #..# #...
##.## #.. ..#


You could see an iguana.

Vanquished Creatures
  An ooze (D:1)
  A dart slug (D:1)
  A ball python (D:1)
  6 bats (D:1)
  A giant cockroach (D:1)
  8 goblins
  2 hobgoblins (D:1)
  2 kobolds (D:1)
  3 frilled lizards (D:1)
25 creatures vanquished.

Notes
Turn   | Place    | Note
-------+----------+-------------------------------------------
     0 | D:1      | KristoblXynda the Draconian Gladiator began the quest for the Orb.
     0 | D:1      | Reached XP level 1. HP: 17/17 MP: 1/1
   110 | D:1      | Reached XP level 2. HP: 24/24 MP: 2/2
   333 | D:1      | Reached XP level 3. HP: 29/29 MP: 3/3
   507 | D:2      | Noticed Sigmund
   540 | D:2      | Killed from afar by Sigmund

Vault maps used:
D:1:      saegor_arrival_simple_b, minmay_misc_feat_columns,
          supply_closet_lemuel, minmay_hexomino_p4
D:2:      uniq_sigmund, uniq_crazy_yiuf_cottage

Skill      XL: |  1  2 |
---------------+-------+-----
Throwing       | 2 |  2.0
Dodging        | 3 |  3.1
Fighting       | |  2.1
Long Blades    | |  3.9

Action                   || total
-------------------------++-------
Melee: Long sword        ||    68
       Tailslap          ||     6
Throw: Throwing net      ||     1
  Use: Scroll            ||     2
       Potion            ||     1
Armor: Skin              ||    28
Dodge: Dodged            ||    60
       Rpst.: Long sword ||    19

Table legend:
 A = Spawn XP
 B = Non-spawn XP
 C = Spawn XP percentage of total XP
 D = Spawn monster count
 E = Non-spawn monster count
 F = Spawn count percentage of total count
 G = Total turns spent on level
                    A         B        C        D         E        F      G
               +---------+---------+-------+---------+---------+-------+---------
         Total |       0 |      53 |   0.0 |       0 |      25 |   0.0 |   540
               +---------+---------+-------+---------+---------+-------+---------
           D:1 |       0 |      51 |   0.0 |       0 |      24 |   0.0 |   491
           D:2 |       0 |       2 |   0.0 |       0 |       1 |   0.0 |    49
               +---------+---------+-------+---------+---------+-------+---------
